AoeStats
← Eliot

Hideout

509902761Analyzed
1v1 RM · 5d ago on Sep 28, 2026· 35m 25s· 2 players
Game mode
Random Map
Map size
Tiny (2 player)
Population
200
Speed
Normal
Resources
Standard
Victory
Conquest
Starting age
Dark Age
Ending age
Imperial Age
RankedLock teamsTeams togetherTeam positionsShared explorationLock speedFull tech treeHidden civsTurbo modeCheats
Victory
Defeat
🇬🇧 Dravidians · United Kingdom
1632
+14
🇪🇸 Bohemians · Spain
1592
-14
Eliot
9:03 Loom
11:13 Feudal Age
15:28 Castle Age
13:49 Horse Collar
23:40 Fervor
24:48 Wheelbarrow
24:23 Town Watch
29:45 Imperial Age
28:07 Fortified Wall
28:08 Masonry
29:06 Hand Cart
29:39 Sanctity
29:44 Town Patrol
30:50 Chemistry
29:53 Double-Bit Axe
30:23 Devotion
31:49 Bow Saw
32:14 Architecture
31:23 Pikeman
33:23 Block Printing
33:57 Redemption
35:42 Fletching
35:51 Murder Holes
GANZ
10:33 Feudal Age
11:23 Loom
14:10 Castle Age
12:16 Double-Bit Axe
12:50 Loom
14:11 Horse Collar
14:34 Town Watch
16:12 Bow Saw
23:50 Wheelbarrow
25:10 Hand Cart
25:25 Scale Mail Armor
26:27 Gold Mining
26:37 Town Watch
29:51 Imperial Age
28:07 Stone Mining
28:43 Chain Mail Armor
28:39 Forging
29:31 Squires
28:52 Man-at-Arms
29:17 Gambesons
29:18 Arson
29:37 Long Swordsman
30:53 Iron Casting
30:07 Onager
31:22 Plate Mail Armor
30:38 Two-Handed Swordsman
32:50 Chemistry
32:32 Conscription
31:59 Champion
Connection lost

Rejoining the realm…

Still unreachable

The connection could not be restored.

Session expired

The server has moved on; the page needs a fresh start.